 Dungeon Crawl Stone Soup version 0.20-a0-432-g25cc1b4 (webtiles) character file.

133 mopl the Chopper (level 5, 0/44 HPs)
             Began as a Hill Orc Wanderer on Jan 2, 2017.
             Was an Initiate of Beogh.
             Slain by a worker ant (5 damage)
             ... on level 4 of the Dungeon.
             The game lasted 00:04:13 (2730 turns).

mopl the Chopper (Hill Orc Wanderer)                Turns: 2730, Time: 00:04:13

Health: 0/44       AC:  9    Str: 16    XL:     5   Next: 16%
Magic:  6/6        EV:  9    Int: 11    God:    Beogh [......]
Gold:   44         SH:  0    Dex: 11    Spells: 5/6 levels left

rFire  . . .     SeeInvis .     a - +1 hand axe (flame)
rCold  . . .     Gourm    .     n - +2 scale mail
rNeg   . . .     Faith    .     (no shield)
rPois  .         Spirit   .     u - +0 helmet
rElec  .         Reflect  .     (no cloak)
rCorr  .         Harm     .     (no gloves)
MR     .....                    (no boots)
Stlth  +.........               (no amulet)
                                (no ring)
                                w - ring of stealth

@: lethally poisoned (0 -> -2), flying
A: mutation resistance 1
a: Renounce Religion


You were on level 4 of the Dungeon.
You worshipped Beogh.
Beogh was noncommittal.
You were not hungry.

You visited 1 branch of the dungeon, and saw 4 of its levels.

You collected 44 gold pieces.

Inventory:

Hand Weapons
 a - a +1 hand axe of flaming (weapon)
Missiles
 x - 15 poisoned needles
Armour
 n - a +2 scale mail (worn)
 u - a +0 helmet (worn)
Jewellery
 w - a ring of stealth (left hand)
Wands
 y - a wand of lightning (8/15)
Scrolls
 e - 2 scrolls of remove curse {unknown}
 g - 2 scrolls of enchant weapon {unknown}
 i - a scroll of fear {unknown}
 j - 3 scrolls of identify {unknown}
 l - 2 scrolls of amnesia {unknown}
 o - a scroll of noise {unknown}
 p - a scroll of random uselessness {unknown}
 q - a scroll of fog {unknown}
 r - a scroll of immolation {unknown}
Potions
 s - a potion of might {unknown}
 t - a potion of brilliance {unknown}
Books
 b - the Papyrus of Translocation

   Spells                             Type                      Level
   a - Apportation                    Translocation                1
   b - Lesser Beckoning               Translocation                3
 c - the Papyrus of Envenoming

   Spells                             Type                      Level
   a - Sting                          Conjuration/Poison           1
   b - Spider Form                    Transmutation/Poison         3
Comestibles
 d - a slice of pizza
 f - 2 bread rations
 m - 3 beef jerkies
 v - 5 chunks of flesh


   Skills:
 + Level 2.9 Fighting
 * Level 4.6 Axes
 + Level 3.0 Armour
 - Level 1.5 Stealth
 - Level 1.0 Spellcasting
   Level 3.0 Hexes
   Level 1.0 Poison Magic


You had 5 spell levels left.
You knew the following spells:

 Your Spells              Type           Power        Failure   Level  Hunger
a - Apportation           Tloc           #.........   95%         1    ##.....


Dungeon Overview and Level Annotations

Branches:
Dungeon (4/15)
 Temple: D:4-7

Altars:

Annotations:
D:3 Crazy Yiuf


Innate Abilities, Weirdness & Mutations

You are somewhat resistant to further mutation.


Message History

The worker ant bites you.
* * * LOW HITPOINT WARNING * * *
You hit the worker ant but do no damage.
The worker ant is heavily wounded.
The worker ant bites you but does no damage.
Unknown command.
You hit the worker ant but do no damage.
The worker ant is heavily wounded.
The worker ant bites you.
* * * LOW HITPOINT WARNING * * *
Unknown command.
It was a potion of mutation.
You feel extremely strange.
You feel genetically stable.
The worker ant bites you but does no damage.
It was a potion of flight.
You feel very buoyant.
You fly up into the air.
You feel sick.
The worker ant bites you but does no damage.
The worker ant bites you.
You die...

#........ #........#........#
#........+........#
#........#........#
####........#.........
............#...........
............#...........
#...)....#.......... #
#..)a@...##...##..# . #
......##....##...##..##.. ####
......##....##.(.........
#..#########.........'.......##
#..#.......#.........#.......#
#..#.......+........##...##......
#..'.......#..##....##...# ......
####.......#..########...# .####
...........#.............#


You could see a worker ant.

Vanquished Creatures
  An orc priest (D:4)
  Jessica (D:3)
  2 adders
  3 oozes
  2 worms (D:2)
  2 dart slugs
  4 leopard geckos
  An orc (D:4)
  3 giant cockroaches
  9 goblins
  3 hobgoblins
  5 kobolds
  A quokka (D:2)
  2 ball pythons
  3 bats (D:1)
  3 frilled lizards
  2 rats
47 creatures vanquished.

Vanquished Creatures (others)
  An orc priest (D:4)
  A goblin (D:1)
2 creatures vanquished.

Grand Total: 49 creatures vanquished

Notes
Turn   | Place    | Note
-------+----------+-------------------------------------------
     0 | D:1      | mopl the Hill Orc Wanderer began the quest for the Orb.
     0 | D:1      | mopl set off with: a +2 scale mail, the Papyrus of Translocation, the Papyrus of Envenoming, a +0 club, a +0 dagger, a bread ration
     0 | D:1      | Reached XP level 1. HP: 14/14 MP: 2/2
     0 | D:1      | Identified the Papyrus of Translocation
     0 | D:1      | Identified the Papyrus of Envenoming
    70 | D:1      | Reached skill level 1 in Fighting
    71 | D:1      | Reached XP level 2. HP: 4/23 MP: 3/3
   503 | D:1      | Reached skill level 3 in Axes
   528 | D:1      | Reached skill level 2 in Armour
   532 | D:1      | Reached XP level 3. HP: 29/29 MP: 4/4
  1061 | D:2      | Learned a level 1 spell: Apportation
  1127 | D:2      | Reached skill level 2 in Fighting
  1413 | D:2      | Reached skill level 4 in Axes
  1413 | D:2      | Reached XP level 4. HP: 23/36 MP: 5/5
  1720 | D:2      | Found a runed door.
  1724 | D:2      | Noticed Crazy Yiuf
  2379 | D:3      | Noticed an ogre
  2566 | D:3      | Noticed Jessica
  2573 | D:3      | Killed Jessica
  2631 | D:4      | Reached XP level 5. HP: 34/42 MP: 6/6
  2706 | D:4      | Became a worshipper of Beogh the Brigand
  2717 | D:4      | Reached skill level 3 in Armour
  2729 | D:4      | Gained mutation: You are somewhat resistant to further mutation. [potion of mutation]
  2730 | D:4      | Slain by a worker ant

Vault maps used:
D:1:      tarquinn_simple_flora_water_f
D:2:      uniq_crazy_yiuf_cottage
D:3:      old_standard_altar, uniq_natasha, uniq_grinder, uniq_jessica

Skill      XL: |  1  2  3  4  5 |
---------------+----------------+-----
Fighting       | 1 2 |  2.9
Axes           | 3 4 |  4.6
Armour         | 2 3 |  3.0
Stealth        | |  1.5
Spellcasting   | |  1.0
Hexes          | |  3.0
Poison Magic   | |  1.0

Action                   |  1- 3 |  4- 6 || total
-------------------------+-------+-------++-------
Melee: Club              |    29 |       ||    29
       Hand axe          |    73 |    88 ||   161
Invok: Convert to Beogh  |       |     1 ||     1
  Use: Potion            |       |     2 ||     2
  Eat: Chunk             |     2 |     4 ||     6
Armor: Scale mail        |    51 |    39 ||    90
Dodge: Dodged            |    48 |    36 ||    84
